 Dungeon Crawl Stone Soup version 0.24.0-1-gfbc8707122 (webtiles) character file.

Game seed: 10083442837581943933, levelgen mode: deterministic

452 Mrkan the Shield-Bearer (level 6, -5/57 HPs)
             Began as a Minotaur Fighter on Oct 26, 2019.
             Was a Believer of Uskayaw.
             Slain by a gnoll
             ... wielding a +0 spear
              (9 damage)
             ... on level 4 of the Dungeon.
             The game lasted 00:05:30 (3521 turns).

Mrkan the Shield-Bearer (Minotaur Fighter)          Turns: 3521, Time: 00:05:31

Health: -5/57      AC:  6    Str: 27    XL:     6   Next: 75%
Magic:  0/6        EV:  8    Int:  5    God:    Uskayaw [**....]
Gold:   218        SH: 10    Dex: 10    Spells: 5/5 levels left

rFire    . . .     SeeInvis .   a - +0 war axe
rCold    . . .     Gourm    .   c - +0 shield
rNeg     . . .     Faith    .   b - +0 scale mail
rPois    .         Spirit   .   (helmet restricted)
rElec    .         Reflect  .   (no cloak)
rCorr    .         Harm     .   (no gloves)
MR       .....                  (no boots)
Stlth    ..........             (no amulet)
HPRegen  0.19/turn              (no ring)
MPRegen  0.10/turn              (no ring)

@: mighty
A: retaliatory headbutt, horns 2
a: Stomp, Line Pass, Renounce Religion


You were on level 4 of the Dungeon.
You worshipped Uskayaw.
Uskayaw was noncommittal.
You were hungry.

You visited 1 branch of the dungeon, and saw 4 of its levels.

You collected 218 gold pieces.

Inventory:

Hand Weapons
 a - a +0 war axe (weapon)
Armour
 b - a +0 scale mail (worn)
 c - a +0 shield (worn)
Jewellery
 l - an uncursed amulet of rage {unknown}
Wands
 m - a wand of random effects (9)
 n - a wand of polymorph (8)
Scrolls
 e - 2 scrolls of amnesia {unknown}
 i - 4 scrolls of identify {unknown}
 j - a scroll of magic mapping {unknown}
 k - 2 scrolls of remove curse {unknown}
 s - a scroll of random uselessness {unknown}
Potions
 g - 3 potions of curing {unknown}
 h - a potion of brilliance {unknown}
 o - 2 potions of flight {unknown}
 p - a potion of agility {unknown}
 q - a potion of degeneration {unknown}
 r - a potion of lignification {unknown}
 t - a potion of heal wounds {unknown}
 u - 2 potions of resistance {unknown}
Comestibles
 f - 9 rations


   Skills:
 + Level 5.7 Fighting
 + Level 5.0 Axes
 - Level 3.6 Armour
 + Level 5.7 Shields
 + Level 2.5 Invocations


You had 5 spell levels left.
You didn't know any spells.
Your spell library was empty.

Dungeon Overview and Level Annotations

Branches:
Dungeon (4/15)
 Temple: D:4-7

Altars:
Uskayaw


Innate Abilities, Weirdness & Mutations

You reflexively headbutt those who attack you in melee.
You have a pair of horns on your head.


Message History

The gnoll hits you with a +0 flail! The gnoll closely misses you.
You slash the gnoll!
You kill the gnoll!
The gnoll hits you from afar with a +0 spear.
You block the gnoll's attack. You block the gnoll's attack.
The gnoll hits you with a +0 spear.
Items here: )) †† a +0 flail; a +0 whip; a gnoll corpse x2
You barely miss the gnoll. The gnoll barely misses you.
The gnoll hits you from afar with a +0 antimagic halberd!
* * * LOW HITPOINT WARNING * * *
You feel your power leaking away.
You feel very mighty all of a sudden. The gnoll hits you but does no damage.
The gnoll hits you from afar with a +0 antimagic halberd!
* * * LOW HITPOINT WARNING * * *
You feel your power leaking away.
You hit the gnoll but do no damage. Your headbutt misses the gnoll.
The gnoll hits you with a +0 spear!
You die...

..##..... .######
#.##..... ....... #.......
....... #......
.......######....#
.......gg@..#....#
..#####.###.#....#########
...(......................
..#.###.#.######.#########
#.#.# #.# ....# #.# ##.#..
#.# #.#.. #.. #.#... ...


You could see 2 gnolls.

Vanquished Creatures
  A centaur (D:3)
  An ogre (D:3)
  A hound (D:4)
  Crazy Yiuf (D:3)
  An orc priest (D:4)
  An orc wizard (D:4)
  Terence (D:3)
  Robin (D:3)
  2 gnolls (D:4)
  3 adders
  An ooze (D:2)
  A worm (D:2)
  3 dart slugs (D:2)
  2 leopard geckos
  4 orcs
  A ball python (D:3)
  5 bats
  3 giant cockroaches
  11 goblins
  7 hobgoblins
  4 jackals (D:2)
  A quokka (D:3)
  5 frilled lizards
  9 kobolds
  A quokka skeleton (D:4)
  10 rats
  A bush (D:2)
82 creatures vanquished.

Notes
Turn   | Place    | Note
-------+----------+-------------------------------------------
     0 | D:1      | Mrkan the Minotaur Fighter began the quest for the Orb.
     0 | D:1      | Reached XP level 1. HP: 19/19 MP: 0/0
   129 | D:1      | Reached XP level 2. HP: 19/27 MP: 1/1
   665 | D:2      | Reached XP level 3. HP: 30/33 MP: 2/2
   693 | D:2      | Noticed a +0 hand axe
   694 | D:2      | Found a hide-covered altar of Uskayaw.
   695 | D:2      | Noticed a +0 dagger
  1182 | D:2      | Reached XP level 4. HP: 39/41 MP: 3/3
  1366 | D:2      | Became a worshipper of Uskayaw the Reveler
  1403 | D:3      | Noticed Robin
  1404 | D:3      | Reached * piety under Uskayaw
  1405 | D:3      | Noticed a centaur
  1410 | D:3      | Reached ** piety under Uskayaw
  1413 | D:3      | Reached *** piety under Uskayaw
  1414 | D:3      | Killed a centaur
  1414 | D:3      | Reached skill level 1 in Invocations
  1414 | D:3      | Reached XP level 5. HP: 11/47 MP: 4/4
  1414 | D:3      | Reached **** piety under Uskayaw
  1415 | D:3      | Reached skill level 5 in Fighting
  1415 | D:3      | Reached skill level 5 in Shields
  1417 | D:3      | Killed Robin
  1838 | D:3      | Found a runed translucent door.
  1839 | D:3      | Noticed Crazy Yiuf
  2041 | D:3      | Noticed Terence
  2052 | D:3      | Killed Terence
  2228 | D:3      | Noticed an ogre
  2231 | D:3      | Killed an ogre
  2231 | D:3      | Reached XP level 6. HP: 56/56 MP: 6/6
  2643 | D:3      | Killed Crazy Yiuf
  3511 | D:4      | Reached skill level 5 in Axes
  3521 | D:4      | Slain by a gnoll

Levels and vault maps discovered:
D:1:      dpeg_arrival_signposts, layout_basic
D:2:      layout_basic, dancing_weapons_uskayaw, first_ration, minmay_hedge_maze
D:3:      kennysheep_big_flooded_room, layout_basic, chequers_arboretum,
          uniq_terence, uniq_robin, uniq_crazy_yiuf_cottage
D:4:      layout_basic, fedhas_bush_and_centaur_altar,
          grunt_temple_overflow_open

Skill      XL: |  1  2  3  4  5  6 |
---------------+-------------------+-----
Fighting       | 4 5 |  5.7
Shields        | 4 5 |  5.7
Axes           | 3 4 5 |  5.0
Invocations    | 1 2 |  2.5
Armour         | |  3.6

Action                   |  1- 3 |  4- 6 || total
-------------------------+-------+-------++-------
Melee: War axe           |    62 |   147 ||   209
       Headbutt          |     8 |    29 ||    37
Invok: Stomp             |       |     1 ||     1
  Use: Potion            |       |     1 ||     1
 Stab: Paralysed         |       |     2 ||     2
  Eat: Chunk             |     1 |     7 ||     8
Armor: Scale mail        |    19 |    32 ||    51
Dodge: Dodged            |    27 |    20 ||    47
Block: Shield            |    42 |    59 ||   101
